 Dungeon Crawl Stone Soup version 0.18.1-48-g4cf74bf (webtiles) character file.

1085 Heedrag the Thaumaturge (level 8, -1/41 HPs)
             Began as a Deep Elf Conjurer on July 24, 2016.
             Was an Initiate of Vehumet.
             Slain by a scorpion (9 damage)
             ... on level 5 of the Dungeon.
             The game lasted 00:12:17 (5534 turns).

Heedrag the Thaumaturge (Deep Elf Conjurer)         Turns: 5534, Time: 00:12:17

Health: -1/41      AC:  4    Str: 11    XL:     8   Next: 9%
Magic:  3/26       EV: 13    Int: 22    God:    Vehumet [......]
Gold:   403        SH:  0    Dex: 15    Spells: 3 memorised, 23 levels left

rFire  . . .     SeeInvis .     i - +0 dagger
rCold  . . .     Gourm    .     a - +0 robe
rNeg   . . .     Faith    .     (no shield)
rPois  .         Spirit   .     (no helmet)
rElec  .         Dismiss  .     (no cloak)
rCorr  .         Reflect  .     g - +0 pair of gloves
SustAt .         Harm     .     o - +0 pair of boots
MR     .....                    (no amulet)
Stlth  +.........               H - ring of loudness (curse)
                                l - +5 ring of strength

@: not resistant to hostile enchantments, very unstealthy
A: no striking features
a: Renounce Religion


You were on level 5 of the Dungeon.
You worshipped Vehumet.
Vehumet was noncommittal.
You were hungry.

You visited 2 branches of the dungeon, and saw 7 of its levels.

You collected 403 gold pieces.

Inventory:

Hand Weapons
 i - a +0 dagger (weapon)
 G - a +0 short sword
Armour
 a - a +0 robe (worn)
 g - a +0 pair of gloves (worn)
 o - a +0 pair of boots (worn)
Jewellery
 l - a +5 ring of strength (left hand)
 E - an uncursed ring of fire
 H - a cursed ring of loudness (right hand)
Wands
 y - a wand of flame (22/48)
Scrolls
 e - 3 scrolls of remove curse {unknown}
 h - 10 scrolls of identify {unknown}
 j - a scroll of recharging {unknown}
 k - 3 scrolls of magic mapping {unknown}
 m - 2 scrolls of teleportation {unknown}
 n - 2 scrolls of fog {unknown}
 q - 4 scrolls of enchant weapon {unknown}
 r - 2 scrolls of amnesia {unknown}
 s - a scroll of blinking {unknown}
 x - a scroll of random uselessness {unknown}
 I - a scroll of enchant armour {unknown}
Potions
 f - 2 potions of agility {unknown}
 p - a potion of invisibility {unknown}
 t - a potion of lignification {unknown}
 A - a potion of curing {unknown}
 B - 4 potions of might {unknown}
 C - a potion of heal wounds {unknown}
 D - a potion of mutation {unknown}
 F - a potion of degeneration {unknown}
Books
 b - a book of Conjurations

   Spells                             Type                      Level
   a - Magic Dart                     Conjuration                  1
   b - Searing Ray                    Conjuration                  2
   c - Dazzling Spray                 Conjuration/Hexes            3
   d - Fulminant Prism                Conjuration/Hexes            4
   e - Iskenderun's Mystic Blast      Conjuration                  4
   f - Iskenderun's Battlesphere      Conjuration/Charms           5
Comestibles
 c - 3 bread rations
 d - 2 slices of pizza
 u - 3 meat rations
 v - 7 fruits
 w - 2 beef jerkies
 z - 2 royal jellies


   Skills:
 - Level 2.4 Dodging
 - Level 2.4 Stealth
 * Level 12.1 Spellcasting
 + Level 5.0 Conjurations


You had 23 spell levels left.
You knew the following spells:

 Your Spells              Type           Power        Failure   Level  Hunger
a - Magic Dart            Conj           ####         1%          1    None
b - Dazzling Spray        Conj/Hex       ###...       6%          3    None
c - Iskenderun's Mystic   Conj           #####...     8%          4    None


Dungeon Overview and Level Annotations

Branches:
Dungeon (6/15)             Temple (1/1) D:4

Altars:
Ashenzari
Elyvilon
Fedhas
Gozag
Kikubaaqudgha
Makhleb
Nemelex Xobeh
Okawaru
Pakellas
Qazlal
Ru
Vehumet
The Shining One

Annotations:
D:6 WarriorsX's ghost, novice HuFi


Message History

Aim: a scorpion Tha spray o' energy hits tha scorpion.
Tha scorpion be lightly wounded.
Castin': Dazzlin' Spray Confirm wit' . or Enter, or press ? or * ta list all spells.
Aimin': Dazzlin' Spray
Press: ? - help, Shift-Dir - straight line, f/p - scorpion
Aim: a scorpion (lightly wounded) Tha spray o' energy hits tha scorpion.
Tha scorpion be moderately wounded.
Castin': Dazzlin' Spray Confirm wit' . or Enter, or press ? or * ta list all spells.
Ye dinnae haf enough magic ta cast tha spell.
Unknown command.
Castin': Dazzlin' Spray Confirm wit' . or Enter, or press ? or * ta list all spells.
Ye dinnae haf enough magic ta cast tha spell.
Unknown command.
Tha scorpion stin's ye!
Ye die...

####.#.#....##.).#.#.###.........
####.#.#.........#.._..#.#.#.....
.....#.#...###...###)#.#.#.......
######....[.>..#.#.....#.###.....
###.).#####.###.###.###.#...
#...# #.##..##......#... #...#
#.##.#.......#####
#####...#####s##.#.##.##.....#
####...........#@##.#.##.##.....#
.................##...##........#
#.##...........#####..#####.....#
#.######...##### #..#####.....#
#.# #...# #............. #.#
#...# #.###.#####..# ..# #...#
#.###.#####..# ### ##.##
#............. ###.#####
#####.#####..#


You could see a scorpion.

Vanquished Creatures
  Duvessa (D:6)
  An ice beast (D:6)
  A black bear (D:4)
  2 ogres
  Dowan (D:5)
  A howler monkey (D:4)
  A crimson imp (D:5)
  2 hounds (D:5)
  Ijyb (D:2)
  An iguana (D:4)
  3 orc wizards
  5 worker ants
  8 adders
  A shadow imp (D:5)
  An ooze (D:1)
  2 adder skeletons (D:4)
  6 worms
  2 dart slugs
  3 giant geckos
  11 orcs
  4 ball pythons
  3 giant cockroaches
  7 hobgoblins
  11 jackals
  A quokka (D:2)
  2 bats
  A giant gecko zombie (D:5)
  10 giant newts
  12 goblins
  A jackal skeleton (D:5)
  8 kobolds
  A quokka zombie (D:5)
  7 rats
122 creatures vanquished.

Notes
Turn   | Place    | Note
--------------------------------------------------------------
     0 | D:1      | Heedrag the Deep Elf Conjurer began the quest for the Orb.
     0 | D:1      | Reached XP level 1. HP: 10/10 MP: 6/6
   111 | D:1      | Reached XP level 2. HP: 15/15 MP: 6/8
   116 | D:1      | Reached skill level 4 in Spellcasting
   766 | D:2      | Reached skill level 5 in Spellcasting
   766 | D:2      | Reached XP level 3. HP: 10/19 MP: 0/11
   984 | D:2      | Reached XP level 4. HP: 8/24 MP: 4/13
  1168 | D:3      | Reached skill level 6 in Spellcasting
  1397 | D:2      | Learned a level 3 spell: Dazzling Spray
  1402 | D:2      | Learned a level 4 spell: Iskenderun's Mystic Blast
  1723 | D:2      | Noticed Ijyb
  1731 | D:2      | Killed Ijyb
  1731 | D:2      | Reached skill level 7 in Spellcasting
  1731 | D:2      | Reached XP level 5. HP: 22/28 MP: 3/16
  2190 | D:3      | Found an oddly glowing altar of Pakellas.
  2573 | D:3      | Reached skill level 8 in Spellcasting
  3032 | D:4      | Reached XP level 6. HP: 22/32 MP: 3/19
  3211 | D:4      | Reached skill level 9 in Spellcasting
  3751 | D:4      | Found a staircase to the Ecumenical Temple.
  3777 | Temple   | Entered the Ecumenical Temple
  3818 | Temple   | Became a worshipper of Vehumet
  4081 | D:4      | Reached skill level 10 in Spellcasting
  4081 | D:4      | Reached XP level 7. HP: 36/36 MP: 11/22
  4288 | D:5      | Entered Level 5 of the Dungeon
  4447 | D:5      | Noticed Dowan
  4453 | D:5      | Killed Dowan
  4453 | D:5      | Reached skill level 11 in Spellcasting
  4859 | D:5      | Noticed Duvessa
  4877 | D:6      | Killed Duvessa
  4964 | D:5      | Found an opulent altar of Gozag.
  5292 | D:6      | Noticed WarriorsX's ghost (novice HuFi)
  5488 | D:6      | HP: 1/36 [ice beast (7)]
  5489 | D:6      | Reached skill level 12 in Spellcasting
  5489 | D:6      | Reached skill level 5 in Conjurations
  5489 | D:6      | Reached XP level 8. HP: 2/41 MP: 0/26
  5534 | D:5      | Slain by a scorpion

Skill      XL: |  1  2  3  4  5  6  7 |
---------------+----------------------+-----
Spellcasting   | 5 7 8 10 12 | 12.1
Conjurations   | 5 |  5.0
Dodging        | |  2.4
Stealth        | |  2.4

Action                   |  1- 3 |  4- 6 |  7- 9 || total
-------------------------+-------+-------+-------++-------
Melee: Dagger            |    22 |    13 |     9 ||    44
 Cast: Magic Dart        |    61 |   195 |    64 ||   320
       Dazzling Spray    |       |    13 |    19 ||    32
       Iskenderun's Myst |       |       |     9 ||     9
  Eat: Chunk             |       |     8 |     5 ||    13
Armor: Robe              |     5 |    19 |     7 ||    31
Dodge: Dodged            |    21 |    45 |    29 ||    95
